 Dungeon Crawl Stone Soup version 0.29.1-2-gbd0b4ee654 (webtiles) character file.

Game seed: 16779409012473591410

6600 Sarge the Covered (level 10, 0/84 HPs)
             Began as a Minotaur Fighter on Nov 26, 2022.
             Was a Priest of Vehumet.
             Slain by an orc warrior
             ... wielding a +0 battleaxe
              (34 damage)
             ... in a bailey.
             The game lasted 00:50:00 (11534 turns).

Sarge the Covered (Minotaur Fighter)               Turns: 11534, Time: 00:50:01

Health: 0/84       AC: 21    Str: 20    XL:     10   Next: 71%
Magic:  21/21      EV:  7    Int:  7    God:    Vehumet [***...]
Gold:   773        SH: 10    Dex: 13    Spells: 2/13 levels left

rFire   . . .      SeeInvis .   g - +5 long sword
rCold   + . .      Faith    .   c - +0 buckler
rNeg    . . .      Spirit   .   E - +0 plate armour of the Marlin {Harm rElec rC+ Stlth+}
rPois   .          Reflect  +   (helmet restricted)
rElec   +          Harm     +   (no cloak)
rCorr   .          Rampage  .   a - +1 pair of gloves
Will    .....                   (no boots)
Stlth   ..........              I - amulet of reflection
HPRegen 0.24/turn               o - ring of magical power
MPRegen 0.17/turn               F - +4 ring of protection

@: no status effects
A: horns 2, retaliatory headbutt, iridescent scales 1, sense surroundings 1
a: Renounce Religion


You were in a bailey.
You worshipped Vehumet.
Vehumet was most pleased with you.
You visited 1 branch of the dungeon, and saw 10 of its levels.
You also visited: Bailey.

You collected 773 gold pieces.

Inventory:

Hand Weapons
 g - a +5 long sword (weapon)
Missiles
 h - 13 boomerangs
 i - 4 poisoned darts
 k - 5 silver boomerangs
 u - 8 curare-tipped darts (quivered)
Armour
 a - a +1 pair of gloves (worn)
 c - a +0 buckler (worn)
 E - the +0 plate armour of the Marlin (worn) {Harm rElec rC+ Stlth+}
   (You found it on level 6 of the Dungeon)

   rC:        It protects you from cold.
   rElec:     It insulates you from electricity.
   Harm:      It increases damage dealt and taken.
   Stlth:     It makes you more stealthy.
Jewellery
 o - a ring of magical power (left hand)
 F - a +4 ring of protection (right hand)
 I - an amulet of reflection (around neck)
 J - a ring of poison resistance
 L - a ring of willpower
 M - a ring of ice
Wands
 p - a wand of mindburst (11)
 t - a wand of polymorph (4)
 y - a wand of charming (12)
 D - a wand of iceblast (14)
Scrolls
 e - a scroll of fear
 l - 3 scrolls of teleportation
 n - 2 scrolls of brand weapon {unknown}
 r - 2 scrolls of silence {unknown}
 w - a scroll of poison
 x - a scroll of enchant armour {unknown}
 C - a scroll of butterflies {unknown}
 G - 2 scrolls of noise {unknown}
 K - a scroll of vulnerability
 N - a scroll of amnesia {unknown}
 R - a scroll of blinking
Potions
 f - a potion of degeneration
 j - a potion of brilliance {unknown}
 s - a potion of lignification
 A - 2 potions of attraction {unknown}
 B - a potion of might
 H - 2 potions of curing {unknown}
 O - a potion of haste
 P - 2 potions of resistance
 Q - 2 potions of heal wounds
Miscellaneous
 b - a piece from Xom's chessboard (12/15)


   Skills:
 * Level 6.4 Fighting
 * Level 4.5 Long Blades
 * Level 5.7(7.2) Axes
 * Level 6.5(7.6) Polearms
 * Level 3.4 Throwing
 * Level 6.8 Armour
 * Level 3.9 Dodging
 * Level 3.2 Stealth
 * Level 6.5 Shields
 * Level 2.2 Spellcasting
 * Level 2.3 Conjurations
 * Level 2.3 Necromancy
 * Level 1.9 Fire Magic
 * Level 2.4 Ice Magic
 * Level 2.5 Earth Magic
 * Level 3.0 Invocations
 * Level 2.9 Evocations


You had 2 spell levels left.
You knew the following spells:

 Your Spells              Type           Power      Damage    Failure   Level
a - Freeze                Ice            16%        1d4       65%         1
b - Stone Arrow           Conj/Erth      8%         3d7       93%         3
c - Scorch                Fire           6%         2d5       83%         2
d - Static Discharge      Conj/Air       2%         3-4/arc   90%         2
e - Ignite Poison         Fire/Tmut/Pois 1%         N/A       99%         3

Your spell library contained the following spells:

 Spells                   Type           Power      Damage    Failure   Level
 Ensorcelled Hibernation  Hex/Ice        4%         N/A       100%        2
 Passwall                 Tmut/Erth      1%         N/A       100%        2
 Ozocubu's Armour         Ice            4%         N/A       100%        3
 Swiftness                Air            0%         N/A       100%        3
 Animate Armour           Summ/Erth      4%         N/A       100%        4
 Olgreb's Toxic Radiance  Pois           0%         N/A       100%        4
 Metabolic Englaciation   Hex/Ice        1%         N/A       100%        5
 Simulacrum               Ice/Necr       2%         N/A       100%        6
 Ozocubu's Refrigeration  Ice            2%         4d7       100%        7
 Ignition                 Fire           1%         3d3       100%        8
 Lehudib's Crystal Spear  Conj/Erth      2%         10d2      100%        8


Dungeon Overview and Level Annotations

Branches:
Dungeon (10/15)            Temple (0/1) D:6             Orc (0/2) D:10
 Bailey (1/1)
   Lair: D:8-11

Altars:
Kikubaaqudgha
Makhleb
Nemelex Xobeh
Sif Muna
Trog
Vehumet
The Shining One

Shops:
D:3 =   D:9 (


Innate Abilities, Weirdness & Mutations

You have a pair of horns on your head.
You reflexively headbutt those who attack you in melee.
You are partially covered in iridescent scales. (AC +2)
You passively map a small area around you.


Message History

Your orc priest closely misses the orc warrior.
Your orc priest barely misses the orc knight.
Your orc warrior hits the orc knight with a +0 trident.
Your gnoll closely misses the orc warrior.
The orc knight barely misses your orc warrior.
The orc knight hits your orc priest with a +0 war axe!!
Your orc priest dies!
Your orc priest's corpse dissolves into shadows!
Your orc warrior hits the orc knight but does no damage.
Unknown command.
The orc knight hits your orc warrior with a +0 war axe.
The orc knight hits your gnoll with a +0 war axe!
Your gnoll dies!
Your gnoll's corpse dissolves into shadows!
You block the orc warrior's attack.
The orc warrior barely misses your orc wizard.
Your orc warrior hits the orc knight with a +0 trident.
The orc knight dies!
Vehumet accepts your kill.
Your orc wizard hits the orc warrior but does no damage.
Your Invocations skill increases to level 3!
You slash the orc warrior!
The orc warrior is moderately wounded.
You block the orc warrior's attack.
The orc warrior hits your orc wizard with a +0 battleaxe!
Your orc wizard dies!
Your orc wizard's corpse dissolves into shadows!
The orc warrior hits your orc with a +0 battleaxe!
Your orc dies!
Your orc's corpse dissolves into shadows!
You slash the orc warrior!
You headbutt the orc warrior, but do no damage.
The orc warrior is severely wounded.
The orc warrior hits you with a +0 battleaxe!!
Your orc warrior closely misses the orc warrior.
Unknown command.
You miss the orc warrior.
The orc warrior is severely wounded.
The orc warrior hits you with a +0 battleaxe!!
You die...

##*#..ooog.####.≈≈~≈≈≈≈≈≈≈#
* #.
####'####..#...†.≈≈≈≈≈≈≈≈*
,.. ^...###......#####
###o. #.....###
#.o###.......##
#..#....⌠.....# * ,
,##)#.........##
#####.((........##
.....(o.o@...#### *
.############# , *


You could see an orc warrior (strong, ally target) and a friendly orc warrior
(summoned).

Vanquished Creatures
  A two-headed ogre (D:9)
  Pikel (D:7)
  A komodo dragon (D:10)
  A troll (D:8)
  A shadow (D:10)
  A wraith (D:9)
  4 yaks (D:9)
  2 steam dragons
  2 water moccasins
  2 sky beasts
  A black bear (D:7)
  4 orc warriors
  2 ice beasts
  An ogre (D:5)
  3 centaurs
  2 lemures (D:7)
  A bullfrog (D:8)
  A scorpion (D:6)
  2 necrophages
  12 wights
  3 howler monkeys (D:9)
  A hound (D:5)
  2 gnoll boudas
  4 orc priests
  A jelly (D:7)
  3 iguanas
  8 orc wizards
  15 gnolls
  10 adders
  A shadow imp (D:8)
  3 white imps
  An ufetubus (D:5)
  2 worms (D:2)
  2 dart slugs
  19 orcs
  9 endoplasms
  4 giant cockroaches
  8 hobgoblins
  4 jackals (D:1)
  4 quokkas
  2 ball pythons
  5 bats
  4 frilled lizards
  9 goblins
  11 kobolds
  3 rats
183 creatures vanquished.

Vanquished Creatures (collateral kills)
  An orc knight (Bailey)
  A komodo dragon (D:10)
  2 orc wizards
  2 orcs
  A goblin (Bailey)
  2 kobolds (Bailey)
9 creatures vanquished.

Vanquished Creatures (others)
  An orc (D:6)
  5 plants (D:4)
6 creatures vanquished.

Grand Total: 198 creatures vanquished

Notes
Turn   | Place    | Note
-------+----------+-------------------------------------------
     0 | D:1      | Sarge the Minotaur Fighter began the quest for the Orb.
     0 | D:1      | Reached XP level 1. HP: 19/19 MP: 0/0
   277 | D:3      | Found a radiant altar of Vehumet.
   375 | D:4      | Reached XP level 2. HP: 12/27 MP: 1/1
   555 | D:4      | Found a glowing golden altar of the Shining One.
   833 | D:4      | Reached XP level 3. HP: 20/33 MP: 2/2
  1329 | D:4      | Reached skill level 1 in Dodging
  1329 | D:4      | Reached XP level 4. HP: 27/40 MP: 3/3
  1533 | D:4      | Identified the +3 leather armour of the Dice {rC+}
  1976 | D:4      | Became a worshipper of the Shining One
  2322 | D:3      | Found Cara's Jewellery Emporium.
  2567 | D:3      | Fell from the grace of the Shining One
  2567 | D:3      | Became a worshipper of Vehumet
  2640 | D:3      | Reached XP level 5. HP: 47/47 MP: 4/4
  2985 | D:2      | Found a faded altar of an unknown god.
  3731 | D:2      | Reached skill level 1 in Throwing
  3843 | D:2      | Found a burning altar of Makhleb.
  4267 | D:1      | Reached * piety under Vehumet
  4267 | D:1      | Offered knowledge of Freeze by Vehumet.
  4268 | D:1      | Reached skill level 1 in Stealth
  4651 | D:3      | Learned a level 1 spell: Freeze
  4655 | D:3      | Learned a level 3 spell: Stone Arrow
  4774 | D:5      | Entered Level 5 of the Dungeon
  4819 | D:5      | Found an ancient bone altar of Kikubaaqudgha.
  5038 | D:5      | Reached skill level 1 in Polearms
  5038 | D:5      | Reached skill level 5 in Armour
  5102 | D:5      | Reached XP level 6. HP: 53/53 MP: 5/5
  5321 | D:5      | Found a sparkling altar of Nemelex Xobeh.
  5378 | D:5      | Noticed a water moccasin
  5378 | D:5      | Noticed an ice beast
  5394 | D:5      | Killed a water moccasin
  5399 | D:5      | Killed an ice beast
  5400 | D:5      | Reached skill level 1 in Invocations
  5400 | D:5      | Reached XP level 7. HP: 43/60 MP: 7/7
  5965 | D:5      | Found a burning altar of Makhleb.
  6074 | D:6      | Reached skill level 5 in Fighting
  6834 | D:6      | Reached skill level 1 in Evocations
  6940 | D:6      | Found a staircase to the Ecumenical Temple.
  6951 | D:6      | Reached skill level 1 in Spellcasting
  6980 | D:6      | Identified the +0 plate armour of the Marlin {Harm rElec
                  | rC+ Stlth+}
  7013 | D:6      | Reached skill level 1 in Ice Magic
  7098 | D:6      | Reached skill level 1 in Earth Magic
  7098 | D:6      | Reached XP level 8. HP: 68/68 MP: 8/8
  7110 | D:6      | Reached skill level 1 in Necromancy
  7461 | D:7      | Reached skill level 1 in Conjurations
  7519 | D:7      | Offered knowledge of Scorch by Vehumet.
  7523 | D:7      | Learned a level 2 spell: Scorch
  7547 | D:7      | Reached skill level 5 in Shields
  7677 | D:7      | Noticed Pikel
  7705 | D:7      | Reached ** piety under Vehumet
  7706 | D:7      | Killed Pikel
  7707 | D:7      | Reached skill level 5 in Polearms
  7707 | D:7      | Reached XP level 9. HP: 71/74 MP: 10/10
  7874 | D:7      | Found a shimmering blue altar of Sif Muna.
  7926 | D:7      | Gained mutation: You occasionally lose the ability to drink
                  | potions when taking damage. [potion of mutation]
  7926 | D:7      | Gained mutation: Your body sometimes deteriorates upon
                  | taking damage. [potion of mutation]
  7926 | D:7      | Gained mutation: You have very sharp teeth. [potion of
                  | mutation]
  7926 | D:7      | Gained mutation: You are agile. (Dex +4, Str/Int -1)
                  | [potion of mutation]
  8542 | D:8      | Reached skill level 1 in Fire Magic
  8835 | D:8      | Reached skill level 1 in Long Blades
  9166 | D:8      | Noticed a troll
  9181 | D:8      | Killed a troll
  9182 | D:8      | Reached skill level 5 in Axes
  9626 | D:9      | Noticed a two-headed ogre
  9633 | D:9      | HP: 3/75 [two-headed ogre/+0 dire flail (28)]
  9635 | D:9      | Killed a two-headed ogre
  9976 | D:9      | Found Xetasump's Weapon Emporium.
 10170 | D:9      | Reached XP level 10. HP: 83/83 MP: 11/11
 10236 | D:9      | Lost mutation: You are agile. (Dex +4, Str/Int -1) [potion
                  | of mutation]
 10236 | D:9      | Lost mutation: Your body sometimes deteriorates upon taking
                  | damage. [potion of mutation]
 10236 | D:9      | Lost mutation: You occasionally lose the ability to drink
                  | potions when taking damage. [potion of mutation]
 10236 | D:9      | Gained mutation: You sometimes lose your temper in combat.
                  | [potion of mutation]
 10236 | D:9      | Gained mutation: Your flesh is heat resistant. (rF+)
                  | [potion of mutation]
 10236 | D:9      | Gained mutation: You have hidden genetic defects. [potion
                  | of mutation]
 10237 | D:9      | Lost mutation: You have hidden genetic defects. [potion of
                  | mutation]
 10237 | D:9      | Lost mutation: Your flesh is heat resistant. (rF+) [potion
                  | of mutation]
 10237 | D:9      | Lost mutation: You have very sharp teeth. [potion of
                  | mutation]
 10237 | D:9      | Gained mutation: You are resistant to electric shocks.
                  | (rElec) [potion of mutation]
 10238 | D:9      | Lost mutation: You sometimes lose your temper in combat.
                  | [potion of mutation]
 10238 | D:9      | Lost mutation: You are resistant to electric shocks.
                  | (rElec) [potion of mutation]
 10238 | D:9      | Gained mutation: You are partially covered in iridescent
                  | scales. (AC +2) [potion of mutation]
 10238 | D:9      | Gained mutation: You passively map a small area around you.
                  | [potion of mutation]
 10290 | D:9      | Offered knowledge of Static Discharge by Vehumet.
 10301 | D:9      | Learned a level 2 spell: Static Discharge
 11037 | D:10     | Entered Level 10 of the Dungeon
 11115 | D:10     | Reached *** piety under Vehumet
 11177 | D:10     | Found a bloodstained altar of Trog.
 11270 | D:10     | Found a flagged portal.
 11277 | Bailey   | Entered a bailey
 11381 | Bailey   | Noticed an orc knight
 11387 | Bailey   | Noticed an orc knight
 11415 | Bailey   | Offered knowledge of Ignite Poison by Vehumet.
 11421 | Bailey   | Learned a level 3 spell: Ignite Poison
 11531 | Bailey   | Killed an orc knight
 11534 | Bailey   | Slain by an orc warrior

Illustrated notes

Levels and vault maps discovered:
D:1:      heliophobic_arrival_dark_side_of_the_moon, layout_basic
D:2:      layout_loops_ring, basic_ecumenical_altar, basic_altar
D:3:      layout_basic, mainiacjoe_overflow_paths, serial_rivers,
          chequers_serial_rivers_small_a, chequers_serial_rivers_small_3,
          chequers_serial_rivers_small_b, chequers_serial_rivers_room_a,
          chequers_serial_rivers_micro_b, chequers_serial_rivers_room_b,
          serial_shops, nicolae_shop_window_shopping
D:4:      cheibrodos_old_hovel, layout_basic, kennysheep_little_box
D:5:      layout_loops_cross, nemelex_dance_club_becter,
          mainiacjoe_overflow_six_doors_small, lightli_temple_of_fire
D:6:      layout_loops_cross, minmay_temple_entry_mini_moons,
          reono_crystal_passage, kennysheep_another_room
D:7:      layout_loops_cross, mainiacjoe_overflow_alcove_2, uniq_pikel
D:8:      layout_basic
D:9:      layout_basic, nicolae_take_the_stairs, kennysheep_path_1,
          chequers_decorated_corner
D:10:     layout_basic, trog_hazing_becter, kennysheep_mini, orc_0_dummy,
          enter_bailey_7
Bailey:   bailey_axe_4, bailey

Skill      XL: |  1  2  3  4  5  6  7  8  9 10 |
---------------+-------------------------------+-----
Armour         | 4 5 6 |  6.8
Shields        | 4 5 6 |  6.5
Fighting       | 4 5 6 |  6.4
Axes           | 3 4 5 |  5.7
Dodging        | 1 2 3 |  3.9
Throwing       | 1 2 3 |  3.4
Stealth        | 1 2 3 |  3.2
Polearms       | 1 2 3 5 6 |  6.5
Invocations    | 1 2 3 |  3.0
Evocations     | 1 2 |  2.9
Spellcasting   | 1 2 |  2.2
Ice Magic      | 1 2 |  2.4
Earth Magic    | 1 2 |  2.5
Necromancy     | 1 2 |  2.3
Conjurations   | 1 2 |  2.3
Fire Magic     | 1 |  1.9
Long Blades    | 2 4 |  4.5

Action                   |  1- 3 |  4- 6 |  7- 9 | 10-12 || total
-------------------------+-------+-------+-------+-------++-------
Melee: War axe           |    40 |    30 |       |       ||    70
       Headbutt          |     3 |    16 |    42 |    26 ||    87
       Trident           |       |    92 |   101 |       ||   193
       Long sword        |       |       |    78 |    87 ||   165
       Bite              |       |       |     8 |     3 ||    11
Throw: Throwing net      |       |     2 |       |       ||     2
       Boomerang         |       |       |    22 |     6 ||    28
       Dart              |       |       |       |     4 ||     4
 Cast: Freeze            |       |       |     4 |       ||     4
Evoke: Wand              |       |       |    20 |    11 ||    31
       Piece from Xom's  |       |       |       |     3 ||     3
  Use: Scroll            |     3 |     4 |     7 |     4 ||    18
       Potion            |     1 |     4 |     3 |     3 ||    11
 Stab: Sleeping          |       |     1 |     1 |       ||     2
       Held in net/web   |       |     1 |       |       ||     1
Armor: Scale mail        |    17 |     2 |       |       ||    19
       Leather armour    |       |    46 |    21 |       ||    67
       Skin              |       |       |     9 |       ||     9
       Plate armour      |       |       |    76 |    63 ||   139
Dodge: Dodged            |    25 |    79 |    85 |    30 ||   219
Block: Buckler           |    10 |    25 |   102 |    68 ||   205
       Reflection        |       |       |     3 |     7 ||    10
